 Dungeon Crawl Stone Soup version 0.30-a0-341-g6827065 (webtiles) character file.

Game seed: 1647786371642112340

2341 Dorkslayer the Slasher (level 9, -5/66 HPs)
             Began as a Demonspawn Fighter on Nov 1, 2022.
             Was an Initiate of Gozag.
             Killed by an exploding DispaterIsMyDaddy's ghost (35 damage)
             ... ignited by their inner flame
             ... on level 6 of the Dungeon.
             The game lasted 00:20:08 (4787 turns).

Dorkslayer the Slasher (Demonspawn Fighter)         Turns: 4787, Time: 00:20:10

Health: -5/66      AC: 12    Str: 17    XL:     9   Next: 20%
Magic:  9/9        EV:  8    Int: 10    God:    Gozag
Gold:   347        SH:  7    Dex: 18    Spells: 8/8 levels left

rFire   . . .      SeeInvis .    a - +0 long sword
rCold   . . .      Faith    .    c - +1 buckler
rNeg    . . .      Spirit   .    m - +0 chain mail
rPois   .          Reflect  .    i - +1 hat
rElec   .          Harm     .    s - +0 cloak
rCorr   .          Rampage  .    (no gloves)
Will    .....                    (no boots)
Stlth   ..........               (no amulet)
HPRegen 0.31/turn                e - ring of flight
MPRegen 0.11/turn                q - ring of protection from cold

@: gold aura, flying
A: horns 1, thin skeletal structure 1, demonic guardian 1, spiny 3, cold
vulnerability 1
a: Renounce Religion, Potion Petition, Call Merchant, Bribe Branch


You were on level 6 of the Dungeon.
You worshipped Gozag.
Gozag was aware of your devotion.
You visited 2 branches of the dungeon, and saw 7 of its levels.
You also visited: Sewer.

You collected 441 gold pieces.
You spent 20 gold pieces at shops.
You paid 74 gold pieces to Gozag.

Inventory:

Hand Weapons
 a - a +0 long sword (weapon)
Missiles
 g - a boomerang
 o - 3 atropa-tipped darts (quivered)
Armour
 c - a +1 buckler (worn)
 i - a +1 hat (worn)
 m - a +0 chain mail (worn)
 s - a +0 cloak (worn)
Jewellery
 e - a ring of flight (left hand)
 q - a ring of protection from cold (right hand)
Wands
 t - a wand of mindburst (17)
 y - a wand of paralysis (6)
Scrolls
 b - a scroll of vulnerability {unknown}
 f - a scroll of fog
 j - a scroll of amnesia {unknown}
 k - 2 scrolls of acquirement {unknown}
 l - a scroll of silence {unknown}
 u - a scroll of poison {unknown}
 w - 3 scrolls of teleportation
 B - a scroll of enchant weapon {unknown}
 E - a scroll of fear {unknown}
Potions
 d - a potion of cancellation
 n - a potion of curing
 r - a potion of ambrosia
 z - a potion of invisibility {unknown}
 C - a potion of might


   Skills:
 + Level 4.5 Fighting
 + Level 6.4 Long Blades
 + Level 2.0 Throwing
 + Level 5.5 Armour
 + Level 3.1 Dodging
 + Level 2.2 Stealth
 + Level 4.5 Shields
 * Level 4.5 Evocations


You had 8 spell levels left.
You didn't know any spells.
Your spell library contained the following spells:

 Spells                   Type           Power      Damage    Failure   Level
 Magic Dart               Conj           0%         1d3       99%         1
 Call Imp                 Summ           0%         N/A       100%        2
 Gell's Gravitas          Tloc           0%         N/A       100%        3
 Mephitic Cloud           Conj/Pois/Air  0%         N/A       100%        3
 Teleport Other           Tloc           0%         N/A       100%        3
 Dispersal                Tloc           0%         N/A       100%        6


Dungeon Overview and Level Annotations

Branches:
Dungeon (6/15)             Temple (1/1) D:5           Sewer (visited)

Altars:
Ashenzari
Cheibriados
Gozag
Hepliaklqana
Kikubaaqudgha
Makhleb
Nemelex Xobeh
Okawaru
Qazlal
Ru
Trog
Uskayaw
Vehumet
Wu Jian
Xom
Yredelemnul

Shops:
D:2 **:[   D:3 :


Innate Abilities, Weirdness & Mutations

You have a pair of small horns on your head.
You have a somewhat thin skeletal structure. (Dex +2, Stealth+)
A weak demonic guardian rushes to your aid.
You are completely covered in sharp spines.
You are vulnerable to cold. (rC-)


Message History

Flame seeps out of DispaterIsMyDaddy's ghost.
Your shadow imp hits DispaterIsMyDaddy's ghost.
Flame seeps out of DispaterIsMyDaddy's ghost.
You feel less invigorated.
You feel less confused.
DispaterIsMyDaddy's ghost is engulfed in blazing flames.
Flame seeps out of DispaterIsMyDaddy's ghost.
DispaterIsMyDaddy's ghost gestures wildly while chanting.
DispaterIsMyDaddy's ghost blinks!
Okay, then.
Your shadow imp closely misses DispaterIsMyDaddy's ghost.
Okay, then.
Okay, then.
Aiming: Mindburst
Press: ? - help, Shift-Dir - straight line, f - DispaterIsMyDaddy's ghost
Aim: DispaterIsMyDaddy's ghost, wielding a weapon of protection (flame, moderately damaged, inner flame, ally target, chance to affect: 55%) DispaterIsMyDaddy's ghost resists with significant effort.
DispaterIsMyDaddy's ghost is engulfed in blazing flames.
Flame seeps out of DispaterIsMyDaddy's ghost.
DispaterIsMyDaddy's ghost mumbles some strange words.
DispaterIsMyDaddy's ghost blinks!
Your shadow imp hits DispaterIsMyDaddy's ghost.
Flame seeps out of DispaterIsMyDaddy's ghost.
Aiming: Mindburst
Press: ? - help, Shift-Dir - straight line, f/p - DispaterIsMyDaddy's ghost
Aim: DispaterIsMyDaddy's ghost, wielding a weapon of protection (flame, heavily damaged, inner flame, ally target, chance to affect: 55%) DispaterIsMyDaddy's ghost's mind is blasted!!
Flame seeps out of DispaterIsMyDaddy's ghost.
DispaterIsMyDaddy's ghost is engulfed in blazing flames.
Flame seeps out of DispaterIsMyDaddy's ghost.
DispaterIsMyDaddy's ghost gestures wildly while chanting.
DispaterIsMyDaddy's ghost blinks!
Your shadow imp barely misses DispaterIsMyDaddy's ghost.
DispaterIsMyDaddy's ghost attacks as you move away!
DispaterIsMyDaddy's ghost is struck by your spines.
DispaterIsMyDaddy's ghost explodes!
The fiery explosion engulfs you!!
Ouch! That really hurt!
You die...
Your body crumbles into a pile of gold.

####
#####..######
####
##.8K##..)°○.#
...#
#.K.K.#K..)§$#
##.#
..###K'.#.#☼.#
#.#
[....K'..K#..#
#^#
..###.'.###@5#
#.# #.....#.#
#.§#
##.####.8P##.#
#§§#
......#####..#
#..# ##.##...#
#### #..#
##.###.## ###..#
.......# #..$.#
##.##.<# #.#.##
#.##..#######.#.#


You could see a friendly shadow imp (summoned).

Vanquished Creatures
  The ghost of DispaterIsMyDaddy the Magician, a novice DjFE of Makhleb (D:6)
  A vampire (D:6)
  Sigmund (D:2)
  The ghost of bobfrom10 the Digger, an amateur GrEE (D:4)
  A wraith (D:6)
  Menkaure (D:6)
  Pargi (Sewer)
  An orc warrior (D:6)
  A black bear (D:6)
  2 kobold brigands (D:6)
  A necrophage (D:6)
  2 gnoll sergeants
  A scorpion (D:6)
  A howler monkey (D:6)
  3 hounds
  A jelly (D:4)
  Natasha (thrice) (D:2)
  Jessica (D:2)
  3 iguanas
  2 orc wizards (D:3)
  Ijyb (D:5)
  Robin (D:3)
  3 gnolls (D:3)
  7 adders
  2 river rats (D:5)
  A shadow imp (D:6)
  A white imp (D:5)
  2 ufetubi (D:5)
  An adder skeleton (D:2)
  2 worms
  A dart slug (D:2)
  7 orcs
  3 endoplasms
  6 giant cockroaches
  13 goblins
  6 hobgoblins
  6 jackals
  2 quokkas
  6 ball pythons
  A ball python zombie (D:2)
  4 bats
  2 frilled lizards (D:3)
  A jackal skeleton (D:2)
  2 kobolds
  10 rats
120 creatures vanquished.

Vanquished Creatures (collateral kills)
  Edmund (D:5)
  A black bear (D:6)
  An ogre (D:4)
  An ufetubus (D:5)
  A worm (D:5)
  3 goblins (D:3)
  A jackal (D:5)
9 creatures vanquished.

Vanquished Creatures (others)
  3 fungi (D:6)
  A withered plant (D:2)
4 creatures vanquished.

Grand Total: 133 creatures vanquished

Notes
Turn   | Place    | Note
-------+----------+-------------------------------------------
     0 | D:1      | Dorkslayer the Demonspawn Fighter began the quest for the
                  | Orb.
     0 | D:1      | Reached XP level 1. HP: 18/18 MP: 1/1
   208 | D:1      | Gained mutation: You have a pair of small horns on your
                  | head. [demonic ancestry]
   208 | D:1      | Reached XP level 2. HP: 24/24 MP: 2/2
   287 | D:1      | Reached skill level 2 in Long Blades
   760 | D:2      | Found Qalylun's Antique Armour Boutique.
   771 | D:2      | Reached XP level 3. HP: 21/29 MP: 3/3
   844 | D:2      | Reached skill level 1 in Dodging
   852 | D:2      | Noticed Sigmund
   853 | D:2      | Found Novior's Book Boutique.
   883 | D:2      | Killed Sigmund
   884 | D:2      | Reached skill level 3 in Long Blades
   884 | D:2      | Gained mutation: You are partially covered in sharp spines.
                  | [demonic ancestry]
   884 | D:2      | Reached XP level 4. HP: 8/35 MP: 4/4
   884 | D:2      | Gained mutation: A weak demonic guardian rushes to your
                  | aid. [demonic ancestry]
   884 | D:2      | Reached XP level 5. HP: 10/41 MP: 5/5
  1102 | D:2      | Found Toyl's General Store.
  1105 | D:2      | Bought a scroll of identify for 20 gold pieces
  1129 | D:2      | Noticed Natasha
  1135 | D:2      | Killed Natasha
  1152 | D:2      | Found Udauteeg's General Store.
  1243 | D:2      | Noticed Jessica
  1255 | D:2      | Killed Jessica
  1256 | D:2      | Reached skill level 4 in Long Blades
  1265 | D:2      | Noticed Natasha
  1274 | D:2      | Killed Natasha
  1275 | D:2      | Gained mutation: You have a somewhat thin skeletal
                  | structure. (Dex +2, Stealth+) [demonic ancestry]
  1275 | D:2      | Reached XP level 6. HP: 37/47 MP: 6/6
  1377 | D:2      | Noticed Natasha
  1384 | D:2      | Killed Natasha
  1586 | D:3      | Noticed Robin
  1597 | D:3      | Killed Robin
  1997 | D:3      | Found Bolum's Book Shoppe.
  2335 | D:4      | Found a runed translucent door.
  2348 | D:4      | Noticed bobfrom10's ghost (amateur GrEE)
  2457 | D:4      | Gained mutation: You are mostly covered in sharp spines.
                  | [demonic ancestry]
  2457 | D:4      | Reached XP level 7. HP: 30/53 MP: 7/7
  2645 | D:4      | Found a snail-covered altar of Cheibriados.
  2650 | D:4      | Reached skill level 5 in Long Blades
  2650 | D:4      | Reached skill level 1 in Evocations
  2895 | D:4      | Killed bobfrom10's ghost
  2896 | D:4      | Reached skill level 1 in Throwing
  2917 | D:5      | Entered Level 5 of the Dungeon
  3024 | D:5      | Reached skill level 1 in Stealth
  3042 | D:5      | Noticed Edmund
  3054 | D:5      | Killed Edmund
  3136 | D:5      | Reached XP level 8. HP: 48/60 MP: 8/8
  3168 | D:5      | Found a staircase to the Ecumenical Temple.
  3240 | D:5      | Found a glowing drain.
  3244 | D:5      | Noticed Ijyb
  3244 | D:5      | Paralysed by Ijyb for 5 turns
  3256 | D:5      | Killed Ijyb
  3261 | Sewer    | Entered a sewer
  3318 | Sewer    | Noticed Pargi
  3323 | Sewer    | Killed Pargi
  3418 | D:5      | Found an ornate altar of the Wu Jian Council.
  3532 | Temple   | Entered the Ecumenical Temple
  3537 | Temple   | Became a worshipper of Gozag Ym Sagoz the Greedy
  3881 | D:6      | Found a bloodstained altar of Trog.
  4034 | D:6      | Reached skill level 6 in Long Blades
  4054 | D:6      | Gained mutation: You are vulnerable to cold. (rC-) [potion
                  | of mutation]
  4221 | D:6      | Reached skill level 5 in Armour
  4588 | D:6      | Noticed Menkaure
  4590 | D:6      | Killed Menkaure
  4591 | D:6      | Gained mutation: You are completely covered in sharp
                  | spines. [demonic ancestry]
  4591 | D:6      | Reached XP level 9. HP: 66/66 MP: 9/9
  4754 | D:6      | Found a runed translucent gate.
  4754 | D:6      | Found a runed translucent gate.
  4754 | D:6      | Noticed a kobold demonologist
  4765 | D:6      | Found a runed translucent gate.
  4765 | D:6      | Noticed DispaterIsMyDaddy's ghost (novice DjFE)
  4787 | D:6      | Killed DispaterIsMyDaddy's ghost
  4787 | D:6      | Killed by an exploding DispaterIsMyDaddy's ghost... ignited
                  | by their inner flame

Illustrated notes

Levels and vault maps discovered:
D:1:      grunt_arrival_lava_bath, layout_loops_ring
D:2:      layout_rooms, serial_undead, serial_undead_b, serial_undead_e,
          serial_undead_c, serial_undead_d, serial_shops,
          nicolae_shop_hallway_stairs, shop,
          nicolae_shop_temple_entry_statues_fountains, nicolae_square_shop,
          uniq_sigmund, uniq_jessica, uniq_natasha
D:3:      layout_rooms, serial_shops, shop, kennysheep_nub, patterned_corridor,
          uniq_robin
D:4:      layout_loops_ring, mainiacjoe_overflow_alcove_4,
          ebering_ghost_sewer_d, chequers_serial_rivers_micro_c
D:5:      minmay_skewed_foursquare, layout_cave_pools, nzn_wu_jian_council_hall,
          minmay_temple_entry_statues, cheibrodos_sewer_entry_sluice,
          serial_column_ruins, column_ruins_hut, column_ruins_hut_ruined,
          column_ruins_grid_4, column_ruins_open_tiny, column_ruins_grid_2,
          column_ruins_columns_corner, column_ruins_corridor_corner,
          column_ruins_grid_1, hangedman_decor_lopped,
          chequers_serial_rivers_small_3, uniq_ijyb, uniq_edmund
D:6:      layout_loops_ring, trog_ov_bears_minmay,
          gammafunk_ghost_nasty_kobolds, kb_rosetta, uniq_menkaure
Temple:   minmay_freezing_vapour_temple

Skill      XL: |  1  2  3  4  5  6  7  8  9 |
---------------+----------------------------+-----
Long Blades    | 2 3 4 5 6 |  6.4
Shields        | 3 4 |  4.5
Dodging        | 1 2 3 |  3.1
Armour         | 3 4 5 |  5.5
Evocations     | 2 4 |  4.5
Throwing       | 1 2 |  2.0
Stealth        | 1 2 |  2.2
Fighting       | 4 |  4.5

Action                   |  1- 3 |  4- 6 |  7- 9 || total
-------------------------+-------+-------+-------++-------
Melee: Long sword        |    78 |    92 |    88 ||   258
       Headbutt          |     6 |    21 |    23 ||    50
Throw: Dart              |     3 |     9 |     9 ||    21
Evoke: Wand              |       |       |    25 ||    25
  Use: Potion            |     3 |       |     9 ||    12
       Scroll            |       |     5 |     5 ||    10
 Stab: Sleeping          |       |     1 |       ||     1
       Distracted        |       |       |     1 ||     1
       Invisible         |       |       |     3 ||     3
Armor: Scale mail        |    41 |    24 |    32 ||    97
       Chain mail        |       |       |    31 ||    31
Dodge: Dodged            |    47 |    35 |    39 ||   121
Block: Buckler           |    22 |    24 |    45 ||    91

Table legend: (Time is in decaauts)
 A = Elapsed time spent in this place.
 B = Non-inter-level travel time spent in this place.
 C = Inter-level travel time spent in this place.
 D = Time resting spent in this place.
 E = Time spent auto-exploring this place.
 F = Levels seen in this place.
 G = Mean time per level.
                   A        B        C        D        E       F      G
               +--------+--------+--------+--------+--------+-----+--------+
         Total |   4857 |   4857 |      0 |     72 |   2707 |   8 |  607.1 |
       Dungeon |   4736 |   4736 |      0 |     72 |   2707 |   6 |  789.3 |
        Temple |     10 |     10 |      0 |      0 |      0 |   1 |   10.0 |
         Sewer |    110 |    110 |      0 |      0 |      0 |   1 |  110.0 |
               +--------+--------+--------+--------+--------+-----+--------+

Top non-repeatable levels by time:
     D:5: 922 daAuts
     D:6: 840 daAuts
     D:2: 791 daAuts
     D:4: 773 daAuts
     D:1: 735 daAuts
     D:3: 673 daAuts
   Sewer: 110 daAuts
  Temple: 10 daAuts
